 Dungeon Crawl Stone Soup version 0.26.1-11-gd32895ea62 (webtiles) character file.

Game seed: 12980542586632835622

550 Zeld the Cruncher (level 7, -2/45 HPs)
             Began as an Octopode Gladiator on May 22, 2021.
             Slain by a worker ant (6 damage)
             ... on level 4 of the Dungeon.
             The game lasted 00:03:02 (3870 turns).

Zeld the Cruncher (Octopode Gladiator)              Turns: 3870, Time: 00:03:03

Health: -2/45      AC:  1    Str: 15    XL:     7   Next: 29%
Magic:  7/7        EV: 14    Int: 10    God:
Gold:   219        SH:  0    Dex: 14    Spells: 6/6 levels left

rFire    . . .     SeeInvis .   t - +2 quarterstaff (chaos)
rCold    . . .     Faith    .   (shield currently unavailable)
rNeg     . . .     Spirit   .   b - +0 hat
rPois    .         Reflect  .   (no amulet)
rElec    .         Harm     .   (no ring)
rCorr    .         Rampage  .   (no ring)
Will     .....                  (no ring)
Stlth    ++........             (no ring)
HPRegen  0.15/turn              (no ring)
MPRegen  0.10/turn              (no ring)
                                (no ring)
                                (no ring)

@: lethally poisoned (-2 -> -21)
A: almost no armour, stealthy swim, amphibious, 8 rings, constrict 8, camouflage
1, gelatinous body 1
a: no special abilities


You were on level 4 of the Dungeon.
You visited 1 branch of the dungeon, and saw 4 of its levels.

You collected 219 gold pieces.

Inventory:

Hand Weapons
 a - a +0 quarterstaff
 t - a +2 quarterstaff of chaos (weapon)
Missiles
 c - 3 throwing nets (quivered)
 v - 19 poisoned darts
Armour
 b - a +0 hat (worn)
Jewellery
 p - an uncursed amulet of reflection {unknown}
 w - an uncursed ring of wizardry {unknown}
 A - an uncursed ring of ice {unknown}
Wands
 m - a wand of flame (12)
 x - a wand of disintegration (6)
 y - a wand of paralysis (11)
Scrolls
 d - 6 scrolls of remove curse {unknown}
 f - 6 scrolls of identify {unknown}
 g - a scroll of magic mapping {unknown}
 i - a scroll of blinking {unknown}
 n - a scroll of teleportation {unknown}
 o - a scroll of enchant weapon {unknown}
Potions
 e - a potion of degeneration {unknown}
 h - a potion of attraction {unknown}
 j - a potion of magic {unknown}
 k - 2 potions of might {unknown}
 l - a potion of invisibility {unknown}
 q - a potion of lignification {unknown}
 r - 2 potions of ambrosia {unknown}
 s - a potion of flight {unknown}
 u - a potion of resistance {unknown}
 z - a potion of heal wounds {unknown}


   Skills:
 - Level 2.0 Fighting
 * Level 8.2 Staves
 - Level 2.0 Throwing
 - Level 3.0 Dodging


You had 6 spell levels left.
You didn't know any spells.
Your spell library was empty.

Dungeon Overview and Level Annotations

Branches:
Dungeon (4/15)
 Temple: D:4-7

Altars:


Innate Abilities, Weirdness & Mutations

You cannot wear most types of armour.
You are very stealthy in the water. (Stealth+)
You are amphibious.
You can wear up to eight rings at the same time.
You can use your tentacles to constrict eight enemies at once.
Your skin changes colour to match your surroundings (Stealth+).
Your rubbery body absorbs attacks. (AC +1, EV +1)


Message History

The worker ant poisons you!
You are too injured to fight recklessly!
You are too injured to fight recklessly!
You thump the worker ant!
The worker ant seems to grow stronger.
Your grab misses the worker ant.
The worker ant is heavily wounded.
* * * LOW HITPOINT WARNING * * *
You feel sick. The worker ant bites you.
* * * LOW HITPOINT WARNING * * *
You are more poisoned.
The worker ant poisons you!
Okay, then.
Unknown command.
You barely miss the worker ant. You grab the worker ant.
You squeeze the worker ant.
The worker ant is heavily wounded.
You constrict the worker ant, but do no damage.
* * * LOW HITPOINT WARNING * * *
You feel sick. The worker ant bites you.
You die...

......# ........
................
.....###.................
.....# ................
#### ....##
................. #...
..### .................
##... ...
?...............# #....
#. .#.....B........#
##.... . .......@.......#
#..... #..............#
##..... ......>.......##
#...... ###...........#
##...... ##.........##
#....... ##........#
#....... ##...†.###
##.......
..........###........
...########...#)......


You could see a worker ant (strong).

Vanquished Creatures
  Sigmund (D:2)
  An ogre (D:4)
  Crazy Yiuf (D:2)
  A bullfrog skeleton (D:4)
  2 orc priests (D:3)
  A centaur skeleton (D:3)
  5 adders
  4 worms
  3 dart slugs (D:1)
  A leopard gecko (D:3)
  15 orcs
  5 giant cockroaches
  8 goblins
  7 hobgoblins
  17 jackals
  A quokka (D:3)
  6 bats
  9 frilled lizards
  8 kobolds
  7 rats
103 creatures vanquished.

Notes
Turn   | Place    | Note
-------+----------+-------------------------------------------
     0 | D:1      | Zeld the Octopode Gladiator began the quest for the Orb.
     0 | D:1      | Reached XP level 1. HP: 14/14 MP: 1/1
   157 | D:1      | Reached XP level 2. HP: 19/19 MP: 2/2
   376 | D:1      | Reached skill level 4 in Staves
   401 | D:1      | Reached XP level 3. HP: 21/24 MP: 3/3
   681 | D:2      | Found a faded altar of an unknown god.
   733 | D:2      | Noticed Sigmund
   742 | D:2      | Killed Sigmund
   743 | D:2      | Reached skill level 6 in Staves
   743 | D:2      | Reached XP level 4. HP: 23/29 MP: 4/4
   743 | D:2      | Reached XP level 5. HP: 27/34 MP: 5/5
  1582 | D:2      | Found a runed translucent door.
  1583 | D:2      | Noticed Crazy Yiuf
  1594 | D:2      | Killed Crazy Yiuf
  1595 | D:2      | Reached XP level 6. HP: 11/39 MP: 6/6
  2819 | D:3      | Reached skill level 7 in Staves
  3816 | D:4      | Reached skill level 8 in Staves
  3816 | D:4      | Reached XP level 7. HP: 38/45 MP: 7/7
  3870 | D:4      | Slain by a worker ant

Illustrated notes

Levels and vault maps discovered:
D:1:      minmay_arrival_checkered_box, layout_basic, kennysheep_minor_cross,
          chequers_avenue
D:2:      layout_basic, chequers_ecumenical_altar_simple_redux,
          minmay_misc_feat_iff, uniq_crazy_yiuf_cottage, uniq_sigmund
D:3:      layout_loops_ring
D:4:      layout_cave_pods, portal_sewer_entry_b, minmay_misc_feat_pillars,
          uniq_blork_the_orc

Skill      XL: |  1  2  3  4  5  6 |
---------------+-------------------+-----
Staves         | 4 6 8 |  8.2
Fighting       | |  2.0
Throwing       | |  2.0
Dodging        | |  3.0

Action                   |  1- 3 |  4- 6 |  7- 9 || total
-------------------------+-------+-------+-------++-------
Melee: Quarterstaff      |    56 |   119 |    10 ||   185
       Constrict         |    17 |    34 |     4 ||    55
       Tentacles         |     8 |    20 |     1 ||    29
 Stab: Sleeping          |     9 |     7 |       ||    16
Armor: Skin              |     3 |     7 |       ||    10
Dodge: Dodged            |    36 |    75 |     5 ||   116
